 Dungeon Crawl Stone Soup version 0.25-a0-339-gb37b713d4c (webtiles) character file.

Game seed: 6577264101737888452, levelgen mode: deterministic

29 Iscandelvey the Vexing (level 3, 26/26 HPs)
             Began as a Demonspawn Arcane Marksman on Dec 28, 2019.
             Quit the game on level 1 of the Dungeon.
             The game lasted 00:00:30 (374 turns).

Iscandelvey the Vexing (Demonspawn Arcane Marksman)  Turns: 374, Time: 00:00:30

Health: 26/26      AC:  2    Str: 10    XL:     3   Next: 1%
Magic:  2/4        EV: 12    Int: 15    God:
Gold:   7          SH:  0    Dex: 13    Spells: 3/4 levels left

rFire    . . .     SeeInvis .   a - +0 hunting sling
rCold    . . .     Gourm    .   (no shield)
rNeg     . . .     Faith    .   e - +0 robe
rPois    .         Spirit   +   (no helmet)
rElec    .         Reflect  .   (no cloak)
rCorr    .         Harm     .   (no gloves)
MR       .....                  (no boots)
Stlth    +.........             (no amulet)
HPRegen  0.08/turn              (no ring)
MPRegen  0.09/turn              (no ring)

@: no status effects
A: claws 1, magic shield
a: no special abilities


You were on level 1 of the Dungeon.
You were not hungry.

You visited 1 branch of the dungeon, and saw 1 of its levels.

You collected 7 gold pieces.

Inventory:

Hand Weapons
 a - a +0 hunting sling (weapon)
Missiles
 c - 3 stones
 d - 9 sling bullets (quivered)
Armour
 e - a +0 robe (worn)
Scrolls
 g - a scroll of remove curse {unknown}
Potions
 b - a potion of flight {unknown}
Comestibles
 f - 3 rations


   Skills:
 + Level 1.1 Fighting
 + Level 2.4 Slings
 + Level 1.8 Dodging
 + Level 0.2 Stealth
 + Level 1.0 Spellcasting
 + Level 3.6 Hexes


You had 3 spell levels left.
You knew the following spells:

 Your Spells              Type           Power        Failure   Level  Hunger
a - Corona                Hex            ##.....      5%          1    ##.....

Your spell library contained the following spells:

 Spells                   Type           Power        Failure   Level  Hunger
 Slow                     Hex            ##......     9%          2    ###....
 Inner Flame              Hex/Fire       #.......     34%         3    ####...
 Portal Projectile        Hex/Tloc       #.....       34%         3    ####...
 Cause Fear               Hex            ##........   50%         4    #####..
 Leda's Liquefaction      Hex/Erth       #.........   75%         4    #####..


Dungeon Overview and Level Annotations

Branches:
Dungeon (1/15)

Altars:


Innate Abilities, Weirdness & Mutations

You have sharp fingernails.
When hurt, damage is shared between your health and your magic reserves.


Message History

Press: ? - help, Shift-Dir - straight line, f - kobold
Aim: a kobold, wielding a +0 short sword and quivering 3 stones You shoot a sling bullet.
The sling bullet closely misses the kobold.
The kobold throws a stone.
The stone closely misses you.
The kobold throws a stone.
The stone hits you.
A kobold is nearby!
Firing (i - inventory. (/) - cycle)
d - 10 sling bullets (quivered)
Press: ? - help, Shift-Dir - straight line, f/p - kobold
Aim: a kobold, wielding a +0 short sword and quivering a stone You shoot a sling bullet.
The sling bullet hits the kobold.
You kill the kobold!
You have reached level 3!
Your experience leads to an increase in your attributes!
Increase (S)trength, (I)ntelligence, or (D)exterity?
You feel clever.
You feel monstrous as your demonic heritage exerts itself.
Your demonic ancestry asserts itself...
Your fingernails lengthen.
Are you sure you want to abandon this character and quit the game? (Confirm with "yes".)

)............####.#.............#
##.#########..†...#.............#
#.# ##########.........### #..#
##.......## ...# ####### ###
#..≈≈≈..# .#.# ###.....###.)
#.≈≈≈§≈.# .#.# ##.......##..
#.≈≈$≈§.# .#.###..#.....##.#
#.≈≈>≈≈.# ##>#...###..####@#
#.≈§?≈≈.# #....### #>## #.#
#§≈§≈≈§§# ...### #.# ###.#
#§§§≈≈).# ##.# #.###...#
###..)....# ##.#
#.##..#####.#.......# ##.#
#.##.#####..#.......# ##.##
##.##.###...###..<..## ....#
#.........### #######
#...........#######


There were no monsters in sight!

Vanquished Creatures
  An ooze (D:1)
  A dart slug (D:1)
  A leopard gecko (D:1)
  4 giant cockroaches (D:1)
  A hobgoblin (D:1)
  2 bats (D:1)
  4 goblins (D:1)
  3 kobolds (D:1)
  3 rats (D:1)
20 creatures vanquished.

Notes
Turn   | Place    | Note
-------+----------+-------------------------------------------
     0 | D:1      | Iscandelvey the Demonspawn Arcane Marksman began the quest
                  | for the Orb.
     0 | D:1      | Reached XP level 1. HP: 15/15 MP: 2/2
    93 | D:1      | Gained mutation: When hurt, damage is shared between your
                  | health and your magic reserves. [demonic ancestry]
    93 | D:1      | Reached XP level 2. HP: 21/21 MP: 3/3
   373 | D:1      | Gained mutation: You have sharp fingernails. [demonic
                  | ancestry]
   373 | D:1      | Reached XP level 3. HP: 26/26 MP: 2/4
   374 | D:1      | Quit the game

Levels and vault maps discovered:
D:1:      lemuel_arrival_lava_pool, layout_rooms

Skill      XL: |  1  2 |
---------------+-------+-----
Slings         | 2 |  2.4
Fighting       | |  1.1
Dodging        | |  1.8
Stealth        | |  0.2
Spellcasting   | |  1.0
Hexes          | |  3.6

Action                   || total
-------------------------++-------
 Fire: Hunting sling     ||    81
Armor: Robe              ||     5
Dodge: Dodged            ||    23

Table legend:
 A = Non-vault XP
 B = Vault XP
 C = Vault XP percentage of total XP
 D = Non-vault monster count
 E = Vault monster count
 F = Vault count percentage of total count
                 A         B        C        D         E       F
            +---------+---------+-------+---------+---------+-------
      Total |      42 |       0 |   0.0 |      20 |       0 |   0.0
            +---------+---------+-------+---------+---------+-------
        D:1 |      42 |       0 |   0.0 |      20 |       0 |   0.0
            +---------+---------+-------+---------+---------+-------
